 Dungeon Crawl Stone Soup version 0.19-a0-1685-g42d40c4 (webtiles) character file.

22 goodcoolguy the Shield-Bearer (level 2, -4/39 HPs)
             Began as a Minotaur Fighter on Oct 10, 2016.
             Killed from afar by Ijyb (13 damage)
             ... with a wand of lightning
             ... on level 2 of the Dungeon.
             The game lasted 00:02:20 (1031 turns).

goodcoolguy the Shield-Bearer (Minotaur Fighter)    Turns: 1031, Time: 00:02:21

Health: -4/39      AC: 21    Str: 20    XL:     2   Next: 68%
Magic:  1/1        EV:  2    Int:  5    God:
Gold:   27         SH:  8    Dex:  9    Spells: 0 memorised, 1 level left

rFire  . . .     SeeInvis .     k - +0 whip (drain)
rCold  . . .     Gourm    .     (armour currently unavailable)
rNeg   + + +     Faith    .     c - +0 shield
rPois  +         Spirit   .     (helmet currently unavailable)
rElec  .         Dismiss  .     (cloak currently unavailable)
rCorr  .         Reflect  .     (gloves currently unavailable)
MR     .....     Harm     .     (boots currently unavailable)
Stlth  +......... NoTele   +    (no amulet)
                                (no ring)
                                (no ring)

@: tree-form, heavily drained
A: (retaliatory headbutt), (horns 0)
a: no special abilities


You were on level 2 of the Dungeon.
You were not hungry.
You were a tree.
You visited 1 branch of the dungeon, and saw 2 of its levels.

You collected 27 gold pieces.

Inventory:

Hand Weapons
 a - a +0 flail
 k - a +0 whip of draining (weapon)
Armour
 b - a +0 scale mail
 c - a +0 shield (worn)
 i - a +0 chain mail (melded)
Scrolls
 f - 2 scrolls of identify {unknown}
 h - a scroll of random uselessness {unknown}
 j - a scroll of enchant weapon {unknown}
Potions
 d - a potion of might


   Skills:
 - Level 3.6(0.9) Fighting
 + Level 3.3(0.6) Maces & Flails
 - Level 3.6(0.9) Armour
 + Level 4.2(1.4) Shields


You had one spell level left.
You didn't know any spells.

Dungeon Overview and Level Annotations

Branches:
Dungeon (2/15)
   Lair: D:-1         Crypt: Vaults:-1

Altars:

Annotations:
D:2 Ijyb


Innate Abilities, Weirdness & Mutations

((You reflexively headbutt those who attack you in melee.))
((You have a pair of horns on your head.))


Message History

It was a potion of curing.
You feel better. Ijyb hits you but does no damage.
You barely miss Ijyb. You block Ijyb's attack.
Unknown command.
Your chain mail prevents you from hitting Ijyb.
Ijyb zaps a wand.
The bolt of lightning hits you!
You closely miss Ijyb. Your headbutt misses Ijyb.
Ijyb hits you but does no damage.
You barely miss Ijyb. Ijyb hits you.
* * * LOW HITPOINT WARNING * * *
You are too injured to fight recklessly!
It was a potion of cancellation.
You feel magically purged. Ijyb hits you but does no damage.
It was a potion of cure mutation.
It has a very clean taste.
Ijyb hits you.
* * * LOW HITPOINT WARNING * * *
Unknown command.
It was a potion of lignification.
You turn into a tree.
Your +0 chain mail melds into your body.
Your roots penetrate the ground.
Ijyb zaps a wand.
Helpless, you fail to dodge the bolt of lightning.
You die...

#.....#.>. #.#..##..
##.......#########
...[....#.......# ##
#...#..#.#####.### ..
#..†......#....... #g
###.#........#.###
###.> #...#..#.(#..#.#
...!..#♣...†.#......>#
#...g.####.#####.###
#..#### #.# #<# ....
#.......# #.#
######### #


You could see Ijyb.

Vanquished Creatures
  A dart slug (D:1)
  5 bats
  2 giant cockroaches (D:1)
  A goblin (D:1)
  A hobgoblin (D:1)
  4 kobolds (D:1)
  3 frilled lizards (D:1)
  4 rats (D:1)
21 creatures vanquished.

Notes
Turn   | Place    | Note
-------+----------+-------------------------------------------
     0 | D:1      | goodcoolguy the Minotaur Fighter began the quest for the Orb.
     0 | D:1      | Reached XP level 1. HP: 19/19 MP: 0/0
    91 | D:1      | Reached XP level 2. HP: 25/26 MP: 1/1
   157 | D:1      | Reached skill level 4 in Shields
   255 | D:1      | d1 zot trap lol
  1014 | D:2      | Noticed Ijyb
  1024 | D:2      | lol
  1031 | D:2      | Killed from afar by Ijyb

Vault maps used:
D:1:      evilmike_arrival_sounds_zot
D:2:      nicolae_ru_the_path_less_chosen, uniq_iyjb, uniq_jessica

Skill      XL: |  1  2 |
---------------+-------+-----
Maces & Flails | 3 |  3.3
Shields        | 4 |  4.2
Fighting       | |  3.6
Armour         | |  3.6

Action                   || total
-------------------------++-------
Melee: Flail             ||    50
       Headbutt          ||     7
       Whip              ||    18
  Use: Potion            ||     4
Armor: Scale mail        ||    14
       Chain mail        ||    29
Dodge: Dodged            ||    15
Block: Shield            ||    37
